 Dungeon Crawl Stone Soup version 0.28-a0-677-g3278d6a771 (webtiles) character file.

Game seed: 12756291152217519728

76 BlueGoblin the Skirmisher (level 4, -5/50 HPs)
             Began as an Ogre Monk on Oct 18, 2021.
             Killed from afar by an orc wizard (6 damage)
             ... with a magic dart
             ... on level 3 of the Dungeon.
             The game lasted 00:05:16 (2936 turns).

BlueGoblin the Skirmisher (Ogre Monk)               Turns: 2936, Time: 00:05:16

Health: -5/50      AC:  3    Str: 15    XL:     4   Next: 32%
Magic:  4/4        EV: 11    Int: 11    God:
Gold:   44         SH:  0    Dex: 12    Spells: 3/3 levels left

rFire   . . .      SeeInvis .   a - +1 spear
rCold   . . .      Faith    .   (no shield)
rNeg    . . .      Spirit   .   b - +0 robe
rPois   .          Reflect  .   (helmet restricted)
rElec   .          Harm     .   (no cloak)
rCorr   .          Rampage  .   (gloves unavailable)
Will    .....                   (boots unavailable)
Stlth   ++........              (no amulet)
HPRegen 0.16/turn               (no ring)
MPRegen 0.09/turn               (no ring)

@: no status effects
A: large, unfitting armour, tough skin 1
a: no special abilities


You were on level 3 of the Dungeon.
You visited 1 branch of the dungeon, and saw 3 of its levels.

You collected 44 gold pieces.

Inventory:

Hand Weapons
 a - a +1 spear (weapon)
 c - a +0 dagger of venom
Missiles
 g - 16 sling bullets
 h - 23 stones (quivered)
Armour
 b - a +0 robe (worn)
 f - a scarf of invisibility
Jewellery
 d - a +6 ring of intelligence
Potions
 e - 3 potions of curing
 i - 2 potions of attraction {unknown}
 k - a potion of degeneration {unknown}


   Skills:
 + Level 5.3 Fighting
 - Level 3.0 Polearms
 + Level 3.9 Dodging
 - Level 1.4 Stealth


You had 3 spell levels left.
You didn't know any spells.
Your spell library was empty.

Dungeon Overview and Level Annotations

Branches:
Dungeon (3/15)

Altars:

Annotations:
D:3 3 runed translucent doors, Veteran's ghost, amateur OgBe


Innate Abilities, Weirdness & Mutations

You are too large for most types of armour.
You have tough skin. (AC +1)


Message History

Your worm misses the orc.
The orc throws a boomerang of dispersal.
The boomerang of dispersal hits you.
* * * LOW HITPOINT WARNING * * *
You blink.
Found a runed translucent gate.
The kobold shouts!
You hear a shout! x3
You hear a shout!
The kobold shouts!
You hear a shout!
The kobold hits something with a +0 whip.
The kobold hits the plant with a +0 club.
The kobold hits the plant with a +0 whip.
The kobold shouts!
The kobold hits the plant with a +0 club.
The kobold hits the plant with a +0 whip.
Found 14 gold pieces and a viscous emerald potion.
The kobold completely misses the plant.
The kobold shouts!
You hear a shout!
A nearby plant withers and dies. x2
The kobold hits the fungus with a +0 dagger.
The fungus begins to die.
The kobold hits the fungus with a +0 dagger.
The kobold hits the fungus with a +1 short sword of venom.
The kobold hits the fungus with a +3 rapier of electrocution!
The kobold hits the fungus with a +0 dagger.
The kobold hits the fungus with a +1 short sword of venom.
The kobold hits the fungus with a +3 rapier of electrocution.
The kobold hits the fungus with a +0 dagger.
A nearby fungus withers and dies.
A puff of flame appears from out of thin air!
The puff of flame hits you!
* * * LOW HITPOINT WARNING * * *
Press: ? - help, v - describe, . - travel The floor.
As you read the scroll labelled EXKIUN JEQEUG, it crumbles to dust.
It is a scroll of enchant weapon.
Your +0 spear glows red for a moment.
A magic dart appears from out of thin air!
The magic dart hits you.
You die...

#.....#######.#........
#.............{.o.w.#
#####.#######.....K.#
#.## ###....## #..#
#....# ##.# ##.#o#
#####.##### #.#.#
#.....{...# # #o#
#.##+++##@# #.#
###KKKWK### #.# #
#..#K#KK# #.#.#
#8.#.#K8# ####.#.#####
#P.#.#..# #...).......
##.....### #.##.#
!$.##.## #.##.#
####...###.##.#
#....<....)...#


You could see a kobold brigand, Veteran's ghost and 7 kobolds.

Vanquished Creatures
  An adder (D:2)
  A worm (D:2)
  3 dart slugs (D:1)
  An orc (D:3)
  2 bats
  6 endoplasms
  A giant cockroach (D:2)
  3 hobgoblins (D:1)
  2 jackals (D:1)
  4 quokkas
  9 ball pythons
  4 frilled lizards
  7 goblins
  4 kobolds (D:1)
  3 rats (D:1)
51 creatures vanquished.

Vanquished Creatures (others)
  A fungus (D:3)
  2 plants (D:3)
3 creatures vanquished.

Grand Total: 54 creatures vanquished

Notes
Turn   | Place    | Note
-------+----------+-------------------------------------------
     0 | D:1      | BlueGoblin the Ogre Monk began the quest for the Orb.
     0 | D:1      | Reached XP level 1. HP: 24/24 MP: 1/1
   218 | D:1      | Reached XP level 2. HP: 5/32 MP: 2/2
   504 | D:1      | Found a faded altar of an unknown god.
   977 | D:1      | Reached XP level 3. HP: 34/40 MP: 3/3
  1903 | D:1      | Reached skill level 5 in Fighting
  2022 | D:2      | Reached XP level 4. HP: 46/50 MP: 4/4
  2918 | D:3      | Found a runed translucent gate.
  2918 | D:3      | Found a runed translucent gate.
  2919 | D:3      | Noticed Veteran's ghost (amateur OgBe)
  2920 | D:3      | Found a runed translucent gate.
  2921 | D:3      | Noticed a kobold brigand
  2935 | D:3      | HP: 1/50 [something/puff of flame (12)]
  2936 | D:3      | Killed from afar by an orc wizard

Illustrated notes

Levels and vault maps discovered:
D:1:      dpeg_cavernosity, layout_loops_ring,
          ebering_ecumenical_altar_sacrificial
D:2:      layout_basic
D:3:      layout_loops_ring, serial_shops, nicolae_shop_statue_plus,
          gammafunk_ghost_nasty_kobolds

Skill      XL: |  1  2  3 |
---------------+----------+-----
Dodging        | 3 |  3.9
Fighting       | 5 |  5.3
Polearms       | |  3.0
Stealth        | |  1.4

Action                   |  1- 3 |  4- 6 || total
-------------------------+-------+-------++-------
Melee: Spear             |   174 |    65 ||   239
  Use: Scroll            |     2 |     3 ||     5
 Stab: Sleeping          |    10 |     2 ||    12
Armor: Robe              |    35 |    17 ||    52
Dodge: Dodged            |    65 |    28 ||    93

Table legend: (Time is in decaauts)
 A = Elapsed time spent in this place.
 B = Non-inter-level travel time spent in this place.
 C = Inter-level travel time spent in this place.
 D = Time resting spent in this place.
 E = Time spent auto-exploring this place.
 F = Levels seen in this place.
 G = Mean time per level.
                   A        B        C        D        E       F      G
               +--------+--------+--------+--------+--------+-----+--------+
         Total |   2925 |   2764 |    161 |    593 |   1667 |   3 |  975.0 |
       Dungeon |   2925 |   2764 |    161 |    593 |   1667 |   3 |  975.0 |
               +--------+--------+--------+--------+--------+-----+--------+

Top non-repeatable levels by time:
     D:1: 1921 daAuts
     D:2: 939 daAuts
     D:3: 64 daAuts
